 Dungeon Crawl Stone Soup version 0.31-a0-672-g7da72447bb (webtiles) character file.

Game seed: 6337075159231424302

172 garrulousMonolith the Magician (level 5, -11/38 HPs)
             Began as a Djinni Fire Elementalist on Sept 5, 2023.
             Killed by divine providence
             ... invoked by an orc priest
              (12 damage)
             ... on level 4 of the Dungeon.
             The game lasted 00:06:48 (4241 turns).

garrulousMonolith the Magician (DjFE)               Turns: 4241, Time: 00:06:48

Health: -11/38     AC:  4    Str:  7    XL:     5   Next: 83%
Gold:   180        EV: 13    Int: 25    God:
                   SH:  0    Dex: 13

rFire   + + .        e - +1 dagger (venom)
rCold   . . .        (no shield)
rNeg    . . .        a - +1 robe
rPois   ∞            (no helmet)
rElec   .            (no cloak)
rCorr   .            w - +0 pair of gloves
SInv    .            (boots unavailable)
Will    .....        (no amulet)
Stlth   ++           j - ring of protection from cold
HPRegen 0.26/turn    f - +6 ring of intelligence
MPRegen 0.00/turn

%: infuse magic (-12 HP)
@: flying, hasted, very quick
A: sickness immunity, fire resistance 2, cold vulnerability 1, float, innate
caster, HP casting, extra vitality 1
a: no special abilities


You were on level 4 of the Dungeon.
You visited 1 branch of the dungeon, and saw 4 of its levels.

You collected 180 gold pieces.

Inventory:

Hand Weapons
 e - a +1 dagger of venom (weapon)
 h - a +1 halberd of freezing
Missiles
 c - 3 poisoned darts
Armour
 a - a +1 robe (worn)
 w - a +0 pair of gloves (worn)
Magical Staves
 t - a staff of death
Jewellery
 b - a ring of fire
 f - a +6 ring of intelligence (right hand)
 j - a ring of protection from cold (left hand)
 n - the ring of Osun {rN+ Dex+2}
   (You found it on level 2 of the Dungeon)

   [ring of positive energy]

   Dex+2:     It affects your dexterity (+2).
   rN+:       It protects you from negative energy.
Scrolls
 o - 3 scrolls of teleportation
 p - 2 scrolls of identify
 r - a scroll of enchant armour
 x - 2 scrolls of silence
Potions
 g - a potion of enlightenment {unknown}
 i - a potion of invisibility {unknown}
 k - a potion of mutation {unknown}
 l - a potion of brilliance {unknown}
 m - a potion of magic {unknown}
 s - a potion of berserk rage {unknown}


   Skills:
 + Level 2.2 Fighting
 + Level 3.5 Dodging
 - Level 1.5 Stealth
 * Level 4.0 Spellcasting
 * Level 4.0 Conjurations
 * Level 4.0 Hexes
   Level 0.0 Charms
 * Level 4.0 Summonings
 * Level 4.0 Necromancy
 * Level 4.0 Translocations
 * Level 4.0 Transmutations
 * Level 4.0 Fire Magic
 * Level 4.0 Ice Magic
 * Level 4.0 Air Magic
 * Level 4.0 Earth Magic
 * Level 4.0 Poison Magic


You knew the following spells:

 Your Spells              Type           Power      Damage    Failure   Level
a - Foxfire               Conj/Fire      100%       2x1d9     1%          1
b - Scorch                Fire           50%        2d7       2%          2
c - Volatile Blastmotes   Fire/Tloc      50%        2d14      5%          3
d - Inner Flame           Hex/Fire       25%        N/A       5%          3
e - Flame Wave            Conj/Fire      25%        2d8       17%         4
f - Shock                 Conj/Air       100%       1d9       1%          1
g - Static Discharge      Conj/Air       50%        2-5/arc   2%          2
Your spell library was empty.

Dungeon Overview and Level Annotations

Branches:
Dungeon (4/15)
 Temple: D:4-7

Altars:
Wu Jian

Shops:
D:3 =

Annotations:
D:4 1 runed translucent door, cforsyth's ghost, amateur GnAr


Innate Abilities, Weirdness & Mutations

You are immune to sickness and miasma.
You are immune to poison.
Your flesh is very heat resistant. (rF++)
You are vulnerable to cold. (rC-)
You float through the air rather than walking.
You learn spells naturally, not from books.
Your magical power is your life essence.
You have superior vitality. (+4 MHP)


Message History

Confirm with . or Enter, or press ? or * to list all spells.
You conjure some foxfire!
The orc barely misses you.
The foxfire hits the orc priest.
The orc priest is moderately wounded.
The foxfire hits the orc but does no damage.
The orc is moderately wounded.
The orc priest hits you with a +0 flail.
The orc hits you with a +0 club.
Casting: Foxfire (safe; 1% risk of failure)
Confirm with . or Enter, or press ? or * to list all spells.
You conjure some foxfire!
The orc priest barely misses you. The orc hits you with a +0 club.
The foxfire hits the orc.
The orc is heavily wounded.
The foxfire hits the orc.
The orc is severely wounded.
The orc priest looks satisfied for a moment.
The orc hits you with a +0 club.
* * * LOW HITPOINT WARNING * * *
It was a potion of curing.
You feel better.
The orc priest hits you with a +0 flail.
The orc misses you.
Casting: Foxfire (safe; 1% risk of failure)
Confirm with . or Enter, or press ? or * to list all spells.
Flames lash the orc.
You kill the orc!
The orc priest hits you with a +0 flail.
Casting: Scorch (safe; 2% risk of failure)
Confirm with . or Enter, or press ? or * to list all spells.
Flames lash the orc priest.
The orc priest is heavily wounded.
The orc priest's fire resistance burns away.
* * * LOW HITPOINT WARNING * * *
The orc priest invokes the aid of Beogh against you.
Beogh smites you!
* * * LOW HITPOINT WARNING * * *
It was a potion of haste.
You feel yourself speed up.
The orc priest calls down the wrath of Beogh upon you.
Beogh smites you!
You die...

... ..
############# ..#
#...........###[.##
#...........#.....#
#...........#.....#
#..........)#.....#
#..........@o.....#
#....)......#.....#
#...........#.....#
#...........###+###
#######..........#
#..........#
#..........#
#..........#
#..........#


You could see an orc priest (combustible).

Vanquished Creatures
  3 gnolls (D:3)
  5 adders
  2 worms
  4 dart slugs
  5 orcs
  5 ball pythons (D:1)
  7 endoplasms
  A giant cockroach (D:2)
  8 goblins
  11 hobgoblins
  3 jackals (D:1)
  2 quokkas
  8 bats
  6 frilled lizards
  3 kobolds (D:1)
  4 rats
77 creatures vanquished.

Vanquished Creatures (others)
  159 foxfires
159 creatures vanquished.

Grand Total: 236 creatures vanquished

Notes
Turn   | Place    | Note
-------+----------+-------------------------------------------
     0 | D:1      | garrulousMonolith the Djinni Fire Elementalist began the
                  | quest for the Orb.
     0 | D:1      | garrulousMonolith set off with the following spells
                  | memorised: Foxfire, Scorch, Volatile Blastmotes, Inner
                  | Flame, Flame Wave.
     0 | D:1      | Reached XP level 1. HP: 15/15 MP: 0/0
   136 | D:1      | Reached XP level 2. HP: 9/22 MP: 0/0
   580 | D:1      | Reached XP level 3. HP: 25/26 MP: 0/0
   580 | D:1      | Learned a level 1 spell: Shock
   609 | D:1      | Reached skill level 1 in Fighting
  1290 | D:2      | Identified the +0 leather armour of Lucidity {Harm *Corrode
                  | Int+4}
  1606 | D:2      | Identified the ring of Osun {rN+ Dex+2}
  1633 | D:2      | Reached XP level 4. HP: 31/32 MP: 0/0
  2075 | D:2      | Reached XP level 5. HP: 18/38 MP: 0/0
  2075 | D:2      | Learned a level 2 spell: Static Discharge
  2769 | D:3      | Found Mydept's Jewellery Emporium.
  3668 | D:3      | Found an ornate altar of the Wu Jian Council.
  4155 | D:4      | Found a runed translucent door.
  4160 | D:4      | Noticed cforsyth's ghost (amateur GnAr)
  4240 | D:4      | HP: 1/38 [orc priest/divine providence (10)]
  4241 | D:4      | Killed from afar by an orc priest

Illustrated notes

Levels and vault maps discovered:
D:1:      dpeg_arrival_central, layout_loops_ring
D:2:      layout_basic, serial_forest, infiniplex_forest_clump_small,
          infiniplex_forest_diagonal, infiniplex_forest_lined_3_way,
          infiniplex_forest_corner_2, infiniplex_forest_pool,
          infiniplex_forest_lined_3, infiniplex_forest_clump_curved,
          infiniplex_forest_lined_2, hangedman_decor_growths
D:3:      layout_basic, nzn_wu_jian_council_hall, serial_shops,
          nicolae_shop_rolling_square
D:4:      layout_gridville, minmay_temple_entry_antechambers, enter_ossuary_5,
          ebering_ghost_sewer_d

Skill      XL: |  1  2  3  4  5 |
---------------+----------------+-----
Spellcasting   | 4 |  4.0
Conjurations   | 4 |  4.0
Hexes          | 4 |  4.0
Summonings     | 4 |  4.0
Necromancy     | 4 |  4.0
Translocations | 4 |  4.0
Transmutations | 4 |  4.0
Fire Magic     | 4 |  4.0
Ice Magic      | 4 |  4.0
Air Magic      | 4 |  4.0
Earth Magic    | 4 |  4.0
Poison Magic   | 4 |  4.0
Fighting       | 1 2 |  2.2
Dodging        | 3 |  3.5
Stealth        | |  1.5

Action                     |  1- 3 |  4- 6 || total
---------------------------+-------+-------++-------
  Melee: Unarmed           |     2 |       ||     2
         Dagger            |     1 |    56 ||    57
         Punch             |       |     2 ||     2
   Cast: Foxfire           |    52 |    53 ||   105
         Scorch            |     7 |    23 ||    30
    Use: Scroll            |     1 |     8 ||     9
         Potion            |       |     2 ||     2
 Armour: Robe              |    20 |    23 ||    43
         Ring mail         |       |     2 ||     2
  Dodge: Dodged            |    12 |    25 ||    37

Table legend: (Time is in decaauts)
 A = Elapsed time spent in this place.
 B = Non-inter-level travel time spent in this place.
 C = Inter-level travel time spent in this place.
 D = Time resting spent in this place.
 E = Time spent auto-exploring this place.
 F = Levels seen in this place.
 G = Mean time per level.
                   A        B        C        D        E       F      G
               +--------+--------+--------+--------+--------+-----+--------+
         Total |   4237 |   4172 |     65 |   1215 |   2224 |   4 | 1059.2 |
       Dungeon |   4237 |   4172 |     65 |   1215 |   2224 |   4 | 1059.2 |
               +--------+--------+--------+--------+--------+-----+--------+

Top non-repeatable levels by time:
     D:2: 1455 daAuts
     D:3: 1305 daAuts
     D:1: 1228 daAuts
     D:4: 247 daAuts
